 Dungeon Crawl Stone Soup version 0.31-a0-983-g7b6862f502 (webtiles) character file.

Game seed: 7885714189833846592

82 thriggle the Conjurer (level 4, -2/35 HPs)
             Began as a Draconian Conjurer on Nov 2, 2023.
             Was an Initiate of Ru.
             Slain by Terence
             ... wielding a +0 flail
              (10 damage)
             ... on level 3 of the Dungeon.
             The game lasted 00:07:21 (2484 turns).

thriggle the Conjurer (Draconian Conjurer)          Turns: 2484, Time: 00:07:22

Health: -2/35      AC:  5    Str:  9    XL:     4   Next: 21%
Magic:  2/7        EV: 12    Int: 21    God:    Ru [......]
Gold:   78         SH:  0    Dex:  9    Spells: 1/7 levels left

rFire   . . .        l - +2 hand axe (venom)
rCold   . . .        (no shield)
rNeg    . . .        (body armour unavailable)
rPois   .            (helmet restricted)
rElec   .            (no cloak)
rCorr   .            (no gloves)
SInv    .            (no boots)
Will    .....        (no amulet)
Stlth   ++           (no ring)
HPRegen 0.25/turn    (no ring)
MPRegen 0.10/turn

%: no passive effects
@: no status effects
A: AC +5, unfitting armour, cold-blooded
a: Renounce Religion


You were on level 3 of the Dungeon.
You worshipped Ru.
Ru was noncommittal.
You visited 1 branch of the dungeon, and saw 3 of its levels.

You collected 78 gold pieces.

Inventory:

Hand Weapons
 e - a +0 dagger
 l - a +2 hand axe of venom (weapon)
 s - a +0 spear
Missiles
 c - 5 curare-tipped darts
 i - 26 stones
 m - 2 poisoned darts
Wands
 p - a wand of iceblast (5)
 q - a wand of digging (3)
Scrolls
 k - a scroll of brand weapon {unknown}
 n - a scroll of identify {unknown}
 o - a scroll of fear {unknown}
 r - a scroll of teleportation {unknown}
Potions
 a - 2 potions of magic
 b - a potion of attraction
 d - a potion of heal wounds {unknown}
 f - a potion of mutation {unknown}
 g - a potion of ambrosia {unknown}
 h - 2 potions of haste {unknown}
 j - a potion of cancellation {unknown}


   Skills:
 + Level 1.0 Fighting
 - Level 1.0 Short Blades
 + Level 0.3 Axes
 + Level 0.3 Throwing
 + Level 2.3 Dodging
 + Level 2.4 Stealth
 + Level 2.4 Spellcasting
 + Level 4.2 Conjurations
 + Level 0.4 Hexes
 + Level 0.0 Evocations


You had one spell level left.
You knew the following spells:

 Your Spells              Type           Power      Damage    Failure   Level
a - Magic Dart            Conj           80%        1d7       2%          1
b - Searing Ray           Conj           40%        2d5       3%          2
c - Dazzling Flash        Conj/Hex       24%        N/A       16%         3

Your spell library contained the following spells:

 Spells                   Type           Power      Damage    Failure   Level
 Sublimation of Blood     Necr           2%         N/A       22%         2
 Wereblood                Tmut           2%         N/A       22%         2
 Fulminant Prism          Conj/Hex       6%         3d6       47%         4
 Iskenderun's Mystic Bla  Conj/Tloc      11%        2d4       50%         4
 Summon Hydra             Summ           1%         N/A       100%        7


Dungeon Overview and Level Annotations

Branches:
Dungeon (3/15)

Altars:
Ru

Annotations:
D:3 Terence


Innate Abilities, Weirdness & Mutations

Your plain brown scales are hard. (AC +5)
You cannot fit into any form of body armour.
You are cold-blooded and may be slowed by cold attacks.


Message History

There is an open door here.
Found a sacrificial altar of Ru.
i - 26 stones (gained 4)
You open the door.
A giant cockroach comes into view.
Terence the Incautious comes into view.
He is wielding a +0 flail.
Terence shouts!
There is a sacrificial altar of Ru here.
You kneel at the altar of Ru.
Ru welcomes you!
Casting: Searing Ray (safe; 3% risk of failure)
Confirm with . or Enter, or press ? or * to list all spells.
Aiming: Searing Ray (safe; 3% risk of failure)
Press: ? - help, Shift-Dir - straight line, f - Terence
Aim: Terence, wielding a +0 flail and wearing a +0 chain mail (black smoke, 84% to hit)
The searing ray misses Terence. (Press . to maintain the ray.)
The searing ray hits Terence.
Terence is lightly wounded.
The searing ray hits Terence but does no damage.
Terence is lightly wounded.
Terence looks scornfully at you. Terence closely misses you.
The searing ray misses Terence.
You finish channelling your searing ray.
Terence hits you but does no damage.
You hit Terence.
Terence is poisoned.
Terence is moderately wounded.
Terence hits you with a +0 flail! x2
You hit Terence.
Terence is heavily wounded.
Terence hits you with a +0 flail!
You hit Terence.
Terence is severely wounded.
Terence hits you with a +0 flail.
* * * LOW HITPOINT WARNING * * *
You completely miss Terence.
Terence is severely wounded.
Terence closely misses you. Terence hits you with a +0 flail!
You die...

###.######....###.........#
###.# ##.#.####.......##
....# ###...........##
##### ####.≈.8.≈....## #
....§≈...≈.#'## #
.###.§§.≈≈.#.# #
#§§§§≈§.#.# # ##.§≈@≈≈.#.##
# #..§§@≈≈B...# #
.....§§§≈≈.....
##.#.§§≈≈......
#.........#.##
#############


You could see Terence (very poisoned) and a giant cockroach.

Vanquished Creatures
  Ijyb (D:3)
  An adder (D:2)
  A dart slug (D:2)
  3 endoplasms
  2 giant cockroaches
  5 goblins
  3 hobgoblins
  5 quokkas
  6 ball pythons
  4 bats
  3 frilled lizards
  3 kobolds
  7 rats
44 creatures vanquished.

Notes
Turn   | Place    | Note
-------+----------+-------------------------------------------
     0 | D:1      | thriggle the Draconian Conjurer began the quest for the
                  | Orb.
     0 | D:1      | Reached XP level 1. HP: 14/14 MP: 3/3
   304 | D:1      | Reached XP level 2. HP: 20/20 MP: 0/5
  1028 | D:1      | Learned a level 2 spell: Searing Ray
  1170 | D:2      | Reached XP level 3. HP: 27/27 MP: 0/6
  1178 | D:2      | Learned a level 3 spell: Dazzling Flash
  2150 | D:3      | Reached skill level 1 in Short Blades
  2257 | D:3      | Noticed Ijyb
  2269 | D:3      | Killed Ijyb
  2270 | D:3      | Reached skill level 1 in Fighting
  2270 | D:3      | Reached XP level 4. HP: 21/35 MP: 1/7
  2461 | D:3      | Found a sacrificial altar of Ru.
  2469 | D:3      | Noticed Terence
  2476 | D:3      | Became a worshipper of Ru the Awakened
  2484 | D:3      | Slain by Terence

Illustrated notes

Levels and vault maps discovered:
D:1:      minmay_arrival_plants_in_alcoves, layout_basic, grunt_decor_arrowhead,
          minivault_23, minmay_pentomino_x2
D:2:      layout_loops_ring
D:3:      layout_loops_corners, mainiacjoe_overflow_catwalk,
          chequers_serial_rivers_small_3, lemuel_flame_loot_1, uniq_terence,
          uniq_ijyb

Skill      XL: |  1  2  3 |
---------------+----------+-----
Dodging        | 2 |  2.3
Stealth        | 2 |  2.4
Short Blades   | 1 |  1.0
Fighting       | 1 |  1.0
Axes           | |  0.3
Throwing       | |  0.3
Spellcasting   | |  2.4
Conjurations   | |  4.2
Hexes          | |  0.4

Action                     |  1- 3 |  4- 6 || total
---------------------------+-------+-------++-------
  Melee: Unarmed           |    11 |       ||    11
         Tailslap          |     9 |       ||     9
         Dagger            |    59 |       ||    59
         Hand axe          |     5 |     7 ||    12
   Cast: Magic Dart        |    61 |       ||    61
         Searing Ray       |     1 |     1 ||     2
    Use: Scroll            |     2 |       ||     2
         Potion            |     1 |       ||     1
 Armour: Skin              |    48 |     7 ||    55
  Dodge: Dodged            |    37 |     2 ||    39

Table legend: (Time is in decaauts)
 A = Elapsed time spent in this place.
 B = Non-inter-level travel time spent in this place.
 C = Inter-level travel time spent in this place.
 D = Time resting spent in this place.
 E = Time spent auto-exploring this place.
 F = Levels seen in this place.
 G = Mean time per level.
                   A        B        C        D        E       F      G
               +--------+--------+--------+--------+--------+-----+--------+
         Total |   2485 |   2413 |     72 |    244 |   1610 |   3 |  828.3 |
       Dungeon |   2485 |   2413 |     72 |    244 |   1610 |   3 |  828.3 |
               +--------+--------+--------+--------+--------+-----+--------+

Top non-repeatable levels by time:
     D:1: 1028 daAuts
     D:2: 854 daAuts
     D:3: 602 daAuts
